 Dungeon Crawl Stone Soup version 0.17-a0-1719-g1afd5a1 (console) character file.

15 Monkaria the Ducker (level 2, -4/14 HPs)
             Began as a Felid Berserker on Aug 27, 2015.
             Was a Follower of Trog.
             Slain by Sigmund
             ... wielding a +2 scythe of protection
              (13 damage)
             ... on level 2 of the Dungeon.
             The game lasted 00:00:30 (712 turns).

Monkaria the Ducker (Felid Berserker)                Turns: 712, Time: 00:00:30

Health: -4/14      AC:  1    Str: 13    XL:     2   Next: 34%
Magic:  3/3        EV: 19    Int:  8    God:    Trog [*.....]
Gold:   64         SH:  0    Dex: 15    Spells: 0 memorised, 1 level left
                                        Lives:  0   Deaths: 0

rFire  . . .     SeeInvis +       - Unarmed
rCold  . . .     Clarity  .     (armour unavailable)
rNeg   . . .     SustAt   .     (shield unavailable)
rPois  .         Gourm    .     (helmet unavailable)
rElec  .         Spirit   .     (cloak unavailable)
rCorr  .         Warding  .     (gloves unavailable)
rMut   .         Stasis   .     (boots unavailable)
MR     .....                    (no amulet)
Stlth  ++........               (no ring)
                                (no ring)

@: quick, not resistant to hostile enchantments, unstealthy
A: no armour, no weapons or thrown items, claws 1, fangs 3, see invisible,
carnivore 3, speed 1, shaggy fur 1, slow metabolism 1, sharp paws
a: Burn Spellbooks, Berserk, Renounce Religion


You were on level 2 of the Dungeon.
You worshipped Trog.
Trog was aware of your devotion.
You were full.

You visited 1 branch of the dungeon, and saw 2 of its levels.

You collected 64 gold pieces.

Inventory:

Scrolls
 b - 2 scrolls of identify {unknown}
 c - a scroll of teleportation {unknown}
 d - 4 scrolls of remove curse {unknown}
 g - a scroll of recharging {unknown}
Potions
 e - a potion of haste {unknown}
 f - a potion of ambrosia {unknown}
Comestibles
 a - 2 meat rations


   Skills:
 - Level 3.0 Fighting
 - Level 4.0 Dodging
 + Level 3.8 Unarmed Combat


You had one spell level left.
You didn't know any spells.

Dungeon Overview and Level Annotations

Branches:
Dungeon (2/15)

Altars:
Nemelex Xobeh

Annotations:
D:2 Sigmund


Innate Abilities, Weirdness & Mutations

You cannot wear armour.
You are incapable of wielding weapons or throwing items.
You have sharp claws.
You have razor-sharp teeth.
You have supernaturally acute eyesight.
You are carnivorous and can eat meat at any time.
You cover ground quickly.
You are covered in fur (AC +1).
You have a slow metabolism.
Your sharp claws are effective at attacking unaware monsters.


Message History

There is an open door here.
g - a scroll labeled NEASIL JETUZYLA
Found 21 stones.
Found 6 tomahawks.
A rat comes into view.
Found a scroll labeled NIRINO NOATWAIG and a scroll labeled TOSALO DURUEJ.
A rat is nearby!
Sigmund the Dreaded comes into view.
He is wielding a scythe of protection.
You see here 16 gold pieces.
You now have 64 gold pieces (gained 16).
You see here a scroll labeled MIBIECS KAEN.
You see here 6 tomahawks.
The rat completely misses you.
You scratch the rat. You claw the rat.
You kill the rat!
Trog accepts your kill.
Sigmund shouts!
Sigmund hits you from afar with a scythe of protection!
Ouch! That really hurt!
You die...

### ..# ## #.# #. #.# #.
##+# #.# #.
##..@#####.#### #.
##.....#......(# #.
#......@.##.##.## #.
........?##.#...#######.
.........+..............
.........##.........####
#....?...#####.##...#
##.....#.. ....##.##
##...##.# ####.##.# ##+#
#.# . #(# ..#


You could see Sigmund.

Vanquished Creatures
  2 oozes (D:1)
  A hobgoblin (D:1)
  A kobold (D:2)
  A ball python (D:2)
  A goblin (D:2)
  2 rats
8 creatures vanquished.

Notes
Turn   | Place    | Note
--------------------------------------------------------------
     0 | D:1      | Monkaria the Felid Berserker began the quest for the Orb.
     0 | D:1      | Reached XP level 1. HP: 10/10 MP: 2/2
   190 | D:1      | Found a sparkling altar of Nemelex Xobeh.
   350 | D:1      | Reached XP level 2. HP: 14/14 MP: 3/3
   694 | D:2      | Noticed Sigmund
   712 | D:2      | Slain by Sigmund

Vault maps used:
D:1:      erik_arrival_blinker_ship, nemelex_deck
D:2:      nicolae_overflow_hidden_temple, cheibriados_altar_1, first_bread,
          kennysheep_flooded_box, grunt_decor_fettered, ashenzari_altar_1,
          uniq_jessica, uniq_terence, uniq_sigmund

Action                   || total
-------------------------++-------
Melee: Unarmed           ||    23
  Eat: Chunk             ||     4
